 Dungeon Crawl Stone Soup version 0.28-a0-773-g130ae17fe5 (webtiles) character file.

Game seed: 8664428735655319080

6965 pokeman the Thaumaturge (level 10, -14/53 HPs)
             Began as a Deep Elf Hedge Wizard on Nov 1, 2021.
             Was a Priest of Vehumet.
             Demolished by a shadow (27 damage)
             ... on level 10 of the Dungeon.
             The game lasted 00:33:35 (11929 turns).

pokeman the Thaumaturge (Deep Elf Hedge Wizard)    Turns: 11929, Time: 00:33:36

Health: -14/53     AC:  6    Str:  7    XL:     10   Next: 81%
Magic:  24/30      EV: 12    Int: 23    God:    Vehumet [***...]
Gold:   810        SH: 10    Dex: 14    Spells: 19/37 levels left

rFire   . . .      SeeInvis .   m - staff of cold
rCold   + . .      Faith    .   E - +0 buckler
rNeg    . . .      Spirit   .   F - +0 troll leather armour
rPois   +          Reflect  +   u - +0 helmet
rElec   .          Harm     .   Q - scarf {repulsion}
rCorr   .          Rampage  .   O - +0 pair of gloves
Will    +....                   (no boots)
Stlth   ++........              h - amulet of reflection
HPRegen 1.17/turn               o - ring of poison resistance
MPRegen 0.22/turn               (no ring)

@: repel missiles
A: no striking features
a: Renounce Religion


You were on level 10 of the Dungeon.
You worshipped Vehumet.
Vehumet was most pleased with you.
You visited 2 branches of the dungeon, and saw 11 of its levels.

You collected 810 gold pieces.

Inventory:

Hand Weapons
 c - a +2 dagger of venom
 J - a +0 shortbow
Missiles
 i - 7 curare-tipped darts
 B - 62 arrows
 D - 27 bolts
Armour
 u - a +0 helmet (worn)
 E - a +0 buckler (worn)
 F - a +0 troll leather armour (worn)
 H - the +1 pair of boots "Xemeneex" {-Cast rC+ rN+ Regen+}
   (You found it on level 6 of the Dungeon)

   rC:        It protects you from cold.
   rN:        It protects you from negative energy.
   -Cast:     It prevents spellcasting.
   Regen:     It increases your rate of health regeneration.
 O - a +0 pair of gloves (worn)
 Q - a scarf of repulsion (worn)
Magical Staves
 m - a staff of cold (weapon)
 v - a staff of air
Jewellery
 h - an amulet of reflection (around neck)
 o - a ring of poison resistance (left hand)
Wands
 l - a wand of flame (17)
 s - a wand of acid (5)
 x - a wand of polymorph (21)
 K - a wand of iceblast (16)
Scrolls
 d - 5 scrolls of amnesia {unknown}
 e - 5 scrolls of teleportation {unknown}
 f - 9 scrolls of identify {unknown}
 g - 3 scrolls of magic mapping {unknown}
 j - 3 scrolls of fog {unknown}
 p - 4 scrolls of noise {unknown}
 q - 3 scrolls of immolation {unknown}
 r - 2 scrolls of enchant armour {unknown}
 w - 2 scrolls of acquirement {unknown}
 y - 4 scrolls of blinking {unknown}
 z - 2 scrolls of vulnerability {unknown}
 M - a scroll of fear {unknown}
 P - a scroll of holy word {unknown}
Potions
 a - a potion of might {unknown}
 b - a potion of brilliance {unknown}
 k - 5 potions of haste {unknown}
 n - a potion of invisibility {unknown}
 t - 3 potions of lignification {unknown}
 A - 2 potions of resistance {unknown}
 C - a potion of magic {unknown}
 G - a potion of cancellation {unknown}
 I - a potion of flight {unknown}
 L - a potion of degeneration {unknown}
 N - a potion of curing


   Skills:
 + Level 2.2 Fighting
 - Level 3.0 Armour
 - Level 3.0 Dodging
 - Level 3.0 Stealth
 - Level 4.0 Shields
 * Level 14.1 Spellcasting
 + Level 8.1 Conjurations
 - Level 1.1 Summonings
 - Level 1.1 Translocations
 + Level 7.4 Fire Magic
 - Level 1.0 Ice Magic
 - Level 1.0 Air Magic
 - Level 2.0 Earth Magic
 - Level 1.0 Poison Magic
 - Level 1.0 Evocations


You had 19 spell levels left.
You knew the following spells:

 Your Spells              Type           Power      Damage    Failure   Level
a - Magic Dart            Conj           100%       1d8       1%          1
b - Mephitic Cloud        Conj/Pois/Air  31%        N/A       1%          3
c - Call Imp              Summ           21%        N/A       5%          2
d - Blink                 Tloc           42%        N/A       5%          2
e - Conjure Flame         Conj/Fire      51%        6-21      1%          3
f - Shock                 Conj/Air       100%       1d9       1%          1
g - Iron Shot             Conj/Erth      19%        9d4       26%         6

Your spell library contained the following spells:

 Spells                   Type           Power      Damage    Failure   Level
 Inner Flame              Hex/Fire       33%        N/A       1%          3
 Iskenderun's Battlesphe  Conj           52%        2d10      1%          5
 Slow                     Hex            64%        N/A       5%          1
 Irradiate                Conj/Tmut      17%        3d19      8%          5
 Sublimation of Blood     Necr           16%        N/A       9%          2
 Petrify                  Tmut/Erth      20%        N/A       34%         4
 Spellforged Servitor     Conj/Summ      18%        N/A       82%         7


Dungeon Overview and Level Annotations

Branches:
Dungeon (10/15)            Temple (1/1) D:4
   Lair: D:8-11         Orc: D:9-12

Altars:
Ashenzari
Cheibriados
Dithmenos
Elyvilon
Fedhas
Gozag
Hepliaklqana
Kikubaaqudgha
Makhleb
Nemelex Xobeh
Okawaru
Qazlal
Ru
Sif Muna
Trog
Uskayaw
Vehumet
Wu Jian
Xom
Yredelemnul
Zin
The Shining One

Annotations:
D:7 2 transporters, AttackTheMoon's ghost, novice DrFE


Message History

Press: ? - help, Shift-Dir - straight line, f/p - Erica
Aim: Erica, wielding a +4 scimitar of flaming and wearing a +2 robe of positive energy (moderately wounded, confused, chance to affect: 58%)
The ball explodes into a vile cloud!
The stinking cloud engulfs Erica but does no damage.
Erica is moderately wounded.
Erica is engulfed in noxious fumes.
Unknown command.
Aiming: Corrosive Bolt
Press: ? - help, Shift-Dir - straight line, f/p - Erica
Aim: Erica, wielding a +4 scimitar of flaming and wearing a +2 robe of positive energy (noxious fumes, moderately wounded, confused, 90% to hit)
The bolt of acid hits Erica!
The acid corrodes Erica!
Erica is heavily wounded.
Erica is engulfed in noxious fumes.
Erica hits you with a +4 scimitar of flaming!
* * * LOW HITPOINT WARNING * * *
Erica burns you.
* * * LOW HITPOINT WARNING * * *
Unknown command.
Aiming: Corrosive Bolt
Press: ? - help, Shift-Dir - straight line, f/p - Erica
Aim: Erica, wielding a +4 scimitar of flaming and wearing a +2 robe of positive energy (noxious fumes, heavily wounded, confused, covered in acid, 90% to hit)
The bolt of acid hits Erica!!
Erica seems to be corroded for longer.
Erica is severely wounded.
Erica is engulfed in noxious fumes.
Aiming: Corrosive Bolt
Press: ? - help, Shift-Dir - straight line, f/p - Erica
Aim: Erica, wielding a +4 scimitar of flaming and wearing a +2 robe of positive energy (noxious fumes, severely wounded, confused, covered in acid, 90% to hit)
The bolt of acid hits Erica!
Erica seems to be corroded for longer.
Erica is almost dead.
Erica is engulfed in noxious fumes.
Erica appears confused.
Aiming: Corrosive Bolt
Press: ? - help, Shift-Dir - straight line, f/p - Erica
Aim: Erica, wielding a +4 scimitar of flaming and wearing a +2 robe of positive energy (noxious fumes, almost dead, confused, covered in acid, 90% to hit)
The bolt of acid hits Erica!
Erica seems to be corroded for longer.
You kill Erica!
Vehumet accepts your kill.
You feel your power returning.
The shadow strikes at you from the darkness!
Ouch! That really hurt!
You die...

######### ###########
###.......# ####.#...#..<#
#.{.......#
##.'.#.#.#.#.###@#....=..#
#..#.#.#...#.'.○.#.......#
#.##.#.#####.#####.....<.#
'.##.#.#.....# #.......#
####.#.#.#.#.# #{......# #
#...#...#.# ##'######
#######+### #.. ###


There were no monsters in sight!

Vanquished Creatures
  Erica (D:10)
  2 two-headed ogres
  A troll (D:6)
  Prince Ribbit (D:6)
  2 wraiths (D:9)
  6 yaks (D:9)
  3 wyverns
  An acid dragon (D:9)
  2 water moccasins
  4 orc warriors
  A sky beast (D:3)
  3 black bears (D:4)
  3 necrophages
  An ogre (D:6)
  2 centaurs
  2 kobold brigands
  A bullfrog (D:6)
  3 scorpions
  A wyvern zombie (D:8)
  12 wights
  6 howler monkeys
  2 centaur zombies
  3 hounds
  2 bullfrog zombies
  A jelly (D:8)
  3 orc priests
  3 bullfrog skeletons
  3 iguanas
  10 orc wizards
  A killer bee zombie (D:6)
  A mummy (D:8)
  A howler monkey zombie (D:8)
  7 gnolls
  9 adders
  A howler monkey skeleton (D:5)
  A white imp (D:5)
  2 ufetubi (D:7)
  3 worms
  4 dart slugs
  30 orcs
  6 endoplasms
  4 giant cockroaches
  2 goblins (D:4)
  10 hobgoblins
  4 quokkas
  7 ball pythons
  6 bats
  2 frilled lizards
  10 kobolds
  9 rats
205 creatures vanquished.

Vanquished Creatures (others)
  A gnoll (D:4)
  38 plants (D:10)
  3 withered plants (D:8)
42 creatures vanquished.

Grand Total: 247 creatures vanquished

Notes
Turn   | Place    | Note
-------+----------+-------------------------------------------
     0 | D:1      | pokeman the Deep Elf Hedge Wizard began the quest for the
                  | Orb.
     0 | D:1      | Reached XP level 1. HP: 10/10 MP: 7/7
   503 | D:1      | Reached XP level 2. HP: 16/16 MP: 4/9
   795 | D:1      | Found a faded altar of an unknown god.
  1345 | D:2      | Reached skill level 5 in Spellcasting
  1528 | D:2      | Reached XP level 3. HP: 20/20 MP: 8/11
  1532 | D:2      | Learned a level 3 spell: Mephitic Cloud
  1535 | D:2      | Learned a level 2 spell: Call Imp
  1538 | D:2      | Learned a level 2 spell: Blink
  1542 | D:2      | Learned a level 3 spell: Conjure Flame
  1803 | D:2      | Reached skill level 1 in Fighting
  1803 | D:2      | Reached skill level 1 in Armour
  2329 | D:3      | Noticed a water moccasin
  2339 | D:3      | Killed a water moccasin
  2340 | D:3      | Reached skill level 6 in Spellcasting
  2340 | D:3      | Reached skill level 1 in Fire Magic
  2340 | D:3      | Reached XP level 4. HP: 17/25 MP: 9/14
  2340 | D:3      | Reached XP level 5. HP: 20/29 MP: 9/15
  2528 | D:3      | Noticed a sky beast
  2552 | D:3      | Killed a sky beast
  2553 | D:3      | Reached skill level 1 in Evocations
  2556 | D:3      | Reached XP level 6. HP: 16/34 MP: 11/17
  3483 | D:4      | Reached skill level 7 in Spellcasting
  3780 | D:4      | Reached skill level 1 in Ice Magic
  3780 | D:4      | Reached skill level 1 in Air Magic
  3781 | D:4      | Noticed an orc warrior
  3792 | D:4      | Killed an orc warrior
  3793 | D:4      | Reached skill level 1 in Poison Magic
  3883 | D:4      | Found a staircase to the Ecumenical Temple.
  3892 | Temple   | Entered the Ecumenical Temple
  4142 | D:4      | Reached XP level 7. HP: 29/38 MP: 16/20
  4509 | D:4      | Reached skill level 8 in Spellcasting
  5148 | D:4      | Reached XP level 8. HP: 44/44 MP: 18/22
  5269 | D:5      | Entered Level 5 of the Dungeon
  5341 | D:5      | Found a glowing silver altar of Zin.
  5343 | D:5      | Found a sparkling altar of Nemelex Xobeh.
  5346 | D:5      | Found an iron altar of Okawaru.
  5347 | D:5      | Found a broken altar of Ashenzari.
  5347 | D:5      | Found a radiant altar of Vehumet.
  5347 | D:5      | Found a bloodstained altar of Trog.
  5348 | D:5      | Found an ornate altar of the Wu Jian Council.
  5349 | D:5      | Found a snail-covered altar of Cheibriados.
  5350 | D:5      | Found a hide-covered altar of Uskayaw.
  5351 | D:5      | Found a shadowy altar of Dithmenos.
  5356 | D:5      | Became a worshipper of Vehumet
  5391 | D:5      | Reached skill level 9 in Spellcasting
  5997 | D:6      | Noticed Prince Ribbit
  6152 | D:6      | Killed Prince Ribbit
  6153 | D:6      | Reached skill level 5 in Conjurations
  6269 | D:6      | Reached skill level 10 in Spellcasting
  6494 | D:6      | Noticed a troll
  6507 | D:6      | Killed a troll
  6507 | D:6      | Reached * piety under Vehumet
  6507 | D:6      | Offered knowledge of Freeze by Vehumet.
  6593 | D:6      | Reached skill level 1 in Shields
  6827 | D:6      | Reached XP level 9. HP: 48/48 MP: 8/25
  7223 | D:6      | Reached skill level 11 in Spellcasting
  7594 | D:6      | Reached skill level 5 in Fire Magic
  7676 | D:6      | Identified the +1 pair of boots "Xemeneex" {-Cast rC+ rN+
                  | Regen+}
  8066 | D:7      | Found a transporter.
  8066 | D:7      | Found a transporter.
  8070 | D:7      | Noticed a moth of wrath
  8072 | D:7      | Noticed AttackTheMoon's ghost (novice DrFE)
  8073 | D:7      | Found a bloodstained altar of Trog.
  9100 | D:8      | Offered knowledge of Shock by Vehumet.
  9103 | D:8      | Learned a level 1 spell: Shock
  9177 | D:8      | Reached ** piety under Vehumet
  9217 | D:8      | Noticed a two-headed ogre
  9515 | D:8      | Reached skill level 12 in Spellcasting
 10387 | D:8      | Killed a two-headed ogre
 10388 | D:8      | Reached XP level 10. HP: 53/53 MP: 6/28
 10677 | D:9      | Reached skill level 13 in Spellcasting
 10816 | D:9      | Learned a level 6 spell: Iron Shot
 10917 | D:9      | Offered knowledge of Inner Flame by Vehumet.
 11019 | D:9      | Noticed a two-headed ogre
 11037 | D:9      | Killed a two-headed ogre
 11038 | D:9      | Reached skill level 1 in Earth Magic
 11483 | D:10     | Entered Level 10 of the Dungeon
 11547 | D:10     | Reached skill level 14 in Spellcasting
 11601 | D:10     | Noticed Erica
 11608 | D:10     | Reached *** piety under Vehumet
 11929 | D:10     | Killed Erica
 11929 | D:10     | Demolished by a shadow

Illustrated notes

Levels and vault maps discovered:
D:1:      dpeg_arrival_shelter, layout_basic,
          shapermc_ecumenical_altar_hornbeckon
D:2:      layout_loops_ring
D:3:      layout_basic
D:4:      minmay_polygon_palace, layout_basic, minmay_temple_entry_junction,
          minmay_joined_circles
D:5:      layout_cave_pools, minitemple
D:6:      layout_basic, serial_curves, eino_curves_03, eino_curves_01,
          grunt_ministairs_1, minmay_fountain_box, skrybe_limestone_x,
          st_stairs_14, uniq_prince_ribbit1
D:7:      layout_basic, gammafunk_ghost_wrathful_warriors
D:8:      layout_loops_corners, serial_undead, serial_undead_b, serial_undead_a,
          serial_undead_b, serial_undead_d, serial_undead_d, serial_undead_a
D:9:      layout_roguey, serial_glass, glass_columns_b, glass_columns_a,
          glass_columns_b, glass_columns_c, glass_columns_a, glass_columns_a
D:10:     layout_roguey, david_lair_shrubbed, uniq_erica
Temple:   minmay_temple_bridge_abc

Skill      XL: |  1  2  3  4  5  6  7  8  9 10 |
---------------+-------------------------------+-----
Spellcasting   | 5 6 7 8 10 12 14 | 14.1
Fighting       | 1 2 |  2.2
Armour         | 1 2 3 |  3.0
Conjurations   | 2 3 4 5 7 8 |  8.1
Dodging        | 3 |  3.0
Fire Magic     | 1 3 4 6 7 |  7.4
Stealth        | 3 |  3.0
Evocations     | 1 |  1.0
Ice Magic      | 1 |  1.0
Air Magic      | 1 |  1.0
Poison Magic   | 1 |  1.0
Shields        | 1 3 4 |  4.0
Earth Magic    | 2 |  2.0
Summonings     | |  1.1
Translocations | |  1.1

Action                   |  1- 3 |  4- 6 |  7- 9 | 10-12 || total
-------------------------+-------+-------+-------+-------++-------
Melee: Staff             |     2 |     7 |    27 |    26 ||    62
 Cast: Magic Dart        |   109 |    77 |   350 |     4 ||   540
       Conjure Flame     |     1 |     4 |    35 |    20 ||    60
       Mephitic Cloud    |     1 |     1 |    21 |    13 ||    36
       Call Imp          |       |       |     4 |     2 ||     6
       Shock             |       |       |    12 |    94 ||   106
       Blink             |       |       |     1 |     2 ||     3
Evoke: Wand              |       |       |       |     4 ||     4
 Stab: Confused          |       |       |     1 |     2 ||     3
Armor: Robe              |     3 |       |       |       ||     3
       Leather armour    |       |       |    10 |       ||    10
       Troll leather arm |       |       |    18 |     5 ||    23
Dodge: Dodged            |     5 |     9 |    82 |    13 ||   109
       Repelled          |       |       |       |     1 ||     1
Block: Other             |     5 |     2 |    32 |     4 ||    43
       Buckler           |       |       |       |     9 ||     9
       Reflection        |       |       |       |     2 ||     2

Table legend: (Time is in decaauts)
 A = Elapsed time spent in this place.
 B = Non-inter-level travel time spent in this place.
 C = Inter-level travel time spent in this place.
 D = Time resting spent in this place.
 E = Time spent auto-exploring this place.
 F = Levels seen in this place.
 G = Mean time per level.
                   A        B        C        D        E       F      G
               +--------+--------+--------+--------+--------+-----+--------+
         Total |  11948 |  11557 |    391 |    516 |   9153 |  11 | 1086.2 |
       Dungeon |  11753 |  11384 |    369 |    516 |   8986 |  10 | 1175.3 |
        Temple |    194 |    172 |     22 |      0 |    167 |   1 |  194.0 |
               +--------+--------+--------+--------+--------+-----+--------+

Top non-repeatable levels by time:
     D:4: 1824 daAuts
     D:8: 1575 daAuts
     D:6: 1490 daAuts
     D:2: 1300 daAuts
     D:5: 1160 daAuts
     D:7: 1032 daAuts
     D:9: 1001 daAuts
     D:3: 985 daAuts
     D:1: 970 daAuts
    D:10: 412 daAuts
  Temple: 194 daAuts
